 Dungeon Crawl Stone Soup version 0.31-a0-626-g8143ab4f1d (webtiles) character file.

Game seed: 6096786957089470670

390 RepHenryClay the Conjurer (level 6, -4/32 HPs)
             Began as a Deep Elf Hedge Wizard on Aug 24, 2023.
             Killed from afar by an orc wizard (11 damage)
             ... with a puff of flame
             ... on level 5 of the Dungeon.
             The game lasted 00:06:19 (4398 turns).

RepHenryClay the Conjurer (Deep Elf Hedge Wizard)   Turns: 4398, Time: 00:06:19

Health: -4/32      AC:  2    Str:  7    XL:     6   Next: 50%
Magic:  2/14       EV: 12    Int: 27    God:
Gold:   128        SH:  0    Dex: 14    Spells: 3/13 levels left

rFire   . . .        a - +0 dagger
rCold   . . .        (no shield)
rNeg    . . .        b - +0 robe
rPois   .            c - +0 hat
rElec   .            s - scarf {+Inv}
rCorr   .            (no gloves)
SInv    .            (no boots)
Will    .....        (no amulet)
Stlth   ++           n - +6 ring of intelligence
HPRegen 0.25/turn    (no ring)
MPRegen 0.14/turn

%: no passive effects
@: no status effects
A: no striking features
a: Evoke Invisibility


You were on level 5 of the Dungeon.
You visited 1 branch of the dungeon, and saw 5 of its levels.

You collected 167 gold pieces.
You spent 39 gold pieces at shops.

Inventory:

Hand Weapons
 a - a +0 dagger (weapon)
Armour
 b - a +0 robe (worn)
 c - a +0 hat (worn)
 s - a scarf of invisibility (worn)
Jewellery
 n - a +6 ring of intelligence (left hand)
 o - an amulet of faith
 p - a ring of ice
Wands
 m - a wand of paralysis (4)
 t - a wand of mindburst (15)
Scrolls
 g - 4 scrolls of poison {unknown}
 i - 5 scrolls of identify {unknown}
 j - 2 scrolls of enchant armour {unknown}
 k - a scroll of butterflies {unknown}
 l - a scroll of enchant weapon {unknown}
 q - a scroll of brand weapon {unknown}
 r - a scroll of teleportation {unknown}
Potions
 d - a potion of magic
 e - a potion of curing
 f - a potion of degeneration {unknown}
 h - a potion of enlightenment {unknown}
 u - a potion of might {unknown}


   Skills:
 - Level 2.4 Dodging
 - Level 2.4 Stealth
 - Level 4.4 Spellcasting
 - Level 5.8 Conjurations
 - Level 1.1 Summonings
 - Level 1.1 Translocations
 + Level 2.5 Air Magic
 + Level 2.8 Poison Magic


You had 3 spell levels left.
You knew the following spells:

 Your Spells              Type           Power      Damage    Failure   Level
a - Magic Dart            Conj           100%       1d8       1%          1
b - Blink                 Tloc           24%        N/A       8%          2
c - Mephitic Cloud        Conj/Pois/Air  26%        N/A       4%          3
d - Cigotuvi's Dreadful   Necr/Pois/Air  30%        N/A       5%          2
e - Poisonous Vapours     Pois/Air       40%        N/A       3%          2

Your spell library contained the following spells:

 Spells                   Type           Power      Damage    Failure   Level
 Summon Small Mammal      Summ           48%        N/A       4%          1
 Necrotise                Necr           20%        1d5       8%          1
 Slow                     Hex            20%        N/A       8%          1
 Call Imp                 Summ           24%        N/A       8%          2
 Call Canine Familiar     Summ           12%        N/A       14%         3
 Summon Guardian Golem    Hex/Summ       9%         N/A       19%         3
 Vampiric Draining        Necr           5%         2d6       22%         3
 Freezing Cloud           Conj/Ice/Air   10%        6-21      56%         5
 Agony                    Necr           5%         N/A       91%         5


Dungeon Overview and Level Annotations

Branches:
Dungeon (5/15)
 Temple: D:4-7

Altars:
Ashenzari
Nemelex Xobeh
Xom

Shops:
D:3 !


Message History

An iguana comes into view.
Casting: Poisonous Vapours (safe; 3% risk of failure)
Confirm with . or Enter, or press ? or * to list all spells.
Aiming: Poisonous Vapours (safe; 3% risk of failure)
Press: ? - help, Dir - move target, f/p - orc wizard
Aim: an orc wizard, wielding a +0 dagger and wearing a +0 robe (very poisoned)
Okay, then.
You closely miss the orc wizard.
The orc wizard hits you with a +0 dagger.
Damage: -12%(-4hp) hp: 88%(28hp)
A shadow imp comes into view.
The orc wizard attacks as it pursues you!
The orc wizard hits you with a +0 dagger.
Your magical contamination has completely faded away.
Damage: -3%(-1hp) hp: 85%(27hp)
The shadow imp shouts!
The orc wizard casts a spell at you. The magic dart hits you.
Huge Dmg: -19%(-6hp) hp: 66%(21hp)
The orc warrior shoots a bolt.
The bolt hits you!
* * * LOW HITPOINT WARNING * * *
There is a stone staircase leading up, spattered with blood here.
Huge Dmg: -44%(-14hp) hp: 22%(7hp)
Okay, then.
Okay, then.
Okay, then.
Casting: Poisonous Vapours (safe; 3% risk of failure)
Confirm with . or Enter, or press ? or * to list all spells.
Aiming: Mephitic Cloud (dangerous; 4% risk of failure)
Press: ? - help, Shift-Dir - straight line, p - orc wizard The ball explodes into a vile cloud!
The stinking cloud engulfs the orc wizard but does no damage.
The orc wizard is severely wounded.
The stinking cloud engulfs the orc warrior but does no damage.
The orc warrior is moderately wounded.
You hear an angry hiss.
The orc wizard is engulfed in noxious fumes.
The orc wizard points at you and mumbles some strange words.
The puff of flame hits you!
You die...

###.#########.#####.#######
#.# #......))......(.... #.#
#.#......##......... #.#
#..#.####...♣♣.♣♣. #.. #..#.#
#..♣..♣.♣..
########..#.###..♣♣.....♣
#........#.........._... '
#.####...#..#...♣♣.....♣ .o.
###@☼o○..[...♣..♣.♣..
.....####..5☼§######.[.♣♣.♣♣.
.......)....§.o.... ...... .
+######.......##### .#.### .
#.......# ... . ##....).# ###
# #.###### .^# .###


You could see an orc warrior (poisoned), an orc wizard (poisoned) and a shadow
imp.

Vanquished Creatures
  An ice beast (D:5)
  A hound (D:4)
  An iguana (D:3)
  3 orc wizards
  3 gnolls (D:4)
  5 adders
  An ufetubus (D:5)
  2 worms
  3 dart slugs (D:2)
  12 orcs
  6 ball pythons
  4 endoplasms
  A giant cockroach (D:2)
  5 goblins
  6 hobgoblins
  2 quokkas
  3 frilled lizards
  7 kobolds
  4 rats
70 creatures vanquished.

Notes
Turn   | Place    | Note
-------+----------+-------------------------------------------
     0 | D:1      | RepHenryClay the Deep Elf Hedge Wizard began the quest for
                  | the Orb.
     0 | D:1      | Reached XP level 1. HP: 10/10 MP: 7/7
   355 | D:1      | Reached skill level 2 in Conjurations
   733 | D:1      | Reached XP level 2. HP: 15/15 MP: 3/9
  1277 | D:2      | Reached skill level 3 in Conjurations
  1277 | D:2      | Reached XP level 3. HP: 19/19 MP: 2/10
  1486 | D:2      | Found a shimmering altar of Xom.
  1796 | D:2      | Found a faded altar of an unknown god.
  1860 | D:2      | Reached skill level 4 in Conjurations
  2012 | D:3      | Reached XP level 4. HP: 24/24 MP: 10/12
  2037 | D:3      | Found Vuasu's Distillery.
  2055 | D:3      | Bought a potion of curing for 39 gold pieces
  2415 | D:3      | Found a broken altar of Ashenzari.
  2747 | D:3      | Reached skill level 5 in Conjurations
  2755 | D:3      | Reached XP level 5. HP: 28/28 MP: 1/13
  3245 | D:4      | Found a shimmering altar of Xom.
  3845 | D:4      | Learned a level 2 spell: Blink
  3849 | D:4      | Learned a level 3 spell: Mephitic Cloud
  3852 | D:4      | Learned a level 2 spell: Cigotuvi's Dreadful Rot
  3855 | D:4      | Learned a level 2 spell: Poisonous Vapours
  3858 | D:5      | Entered Level 5 of the Dungeon
  3863 | D:5      | Found a sparkling altar of Nemelex Xobeh.
  3873 | D:5      | Noticed an orc warrior
  3935 | D:5      | Reached skill level 1 in Poison Magic
  4032 | D:5      | Reached skill level 1 in Air Magic
  4198 | D:4      | Reached XP level 6. HP: 17/32 MP: 5/14
  4286 | D:5      | Noticed an ice beast
  4309 | D:5      | Killed an ice beast
  4398 | D:5      | Killed from afar by an orc wizard

Illustrated notes

Levels and vault maps discovered:
D:1:      enne_arrival_octagon_isle, layout_loops_corners,
          minmay_misc_feat_ornament
D:2:      layout_rooms, basic_altar, hellmonk_ecumenical_altar_inner_sanctum
D:3:      layout_basic, old_standard_altar, serial_shops,
          nicolae_shop_tiny_glass
D:4:      layout_basic, mainiacjoe_overflow_paths
D:5:      kennysheep_six_static_rooms, layout_basic,
          mainiacjoe_overflow_small_starburst, minmay_pentangle

Skill      XL: |  1  2  3  4  5  6 |
---------------+-------------------+-----
Conjurations   | 2 3 4 5 |  5.8
Poison Magic   | 1 2 |  2.8
Air Magic      | 1 2 |  2.5
Dodging        | |  2.4
Stealth        | |  2.4
Spellcasting   | |  4.4
Summonings     | |  1.1
Translocations | |  1.1

Action                     |  1- 3 |  4- 6 || total
---------------------------+-------+-------++-------
  Melee: Dagger            |     4 |    17 ||    21
   Cast: Magic Dart        |    85 |    89 ||   174
         Poisonous Vapours |       |     8 ||     8
         Blink             |       |     1 ||     1
         Mephitic Cloud    |       |     2 ||     2
  Evoke: Wand              |       |     5 ||     5
    Use: Potion            |       |     1 ||     1
   Stab: Paralysed         |       |     7 ||     7
 Armour: Robe              |     1 |     5 ||     6
  Dodge: Dodged            |     8 |    28 ||    36

Table legend: (Time is in decaauts)
 A = Elapsed time spent in this place.
 B = Non-inter-level travel time spent in this place.
 C = Inter-level travel time spent in this place.
 D = Time resting spent in this place.
 E = Time spent auto-exploring this place.
 F = Levels seen in this place.
 G = Mean time per level.
                   A        B        C        D        E       F      G
               +--------+--------+--------+--------+--------+-----+--------+
         Total |   4401 |   4301 |    100 |    312 |   3507 |   5 |  880.2 |
       Dungeon |   4401 |   4301 |    100 |    312 |   3507 |   5 |  880.2 |
               +--------+--------+--------+--------+--------+-----+--------+

Top non-repeatable levels by time:
     D:4: 1274 daAuts
     D:1: 1048 daAuts
     D:3: 959 daAuts
     D:2: 909 daAuts
     D:5: 209 daAuts
